 Dungeon Crawl Stone Soup version 0.19-a0-1494-gdfa627f (webtiles) character file.

10613 packetloss the Slicer (level 11, -12/67 HPs)
             Began as a Kobold Hunter on Sept 9, 2016.
             Was a Follower of Uskayaw.
             Mangled by a komodo dragon (15 damage)
             ... on level 1 of the Lair of Beasts.
             The game lasted 01:09:33 (15916 turns).

packetloss the Slicer (Kobold Hunter)              Turns: 15916, Time: 01:09:34

Health: -12/67     AC: 11    Str: 12    XL:     11   Next: 96%
Magic:  17/17      EV: 20    Int: 12    God:    Uskayaw [*.....]
Gold:   657        SH:  6    Dex: 17    Spells: 0 memorised, 10 levels left

rFire  . . .     SeeInvis .     g - +2 dagger (venom)
rCold  + . .     Gourm    .     y - +3 leather armour {rC+}
rNeg   . . .     Faith    .     Q - +0 buckler
rPois  .         Spirit   .     (no helmet)
rElec  .         Dismiss  .     v - +2 cloak
rCorr  .         Reflect  .     G - +0 pair of gloves
MR     .....     Harm     .     (no boots)
Stlth  +++++.....               (no amulet)
                                (no ring)
                                (no ring)

@: no status effects
A: carnivore 3
a: Stomp, Renounce Religion


You were on level 1 of the Lair of Beasts.
You worshipped Uskayaw.
Uskayaw was aware of your devotion.
You were very full.

You visited 2 branches of the dungeon, and saw 12 of its levels.

You collected 657 gold pieces.

Inventory:

Hand Weapons
 a - a +3 dagger of speed
   (You took it off a goblin on level 2 of the Dungeon)
 b - a +1 hand crossbow
 c - a +0 rapier
   (You found it on level 6 of the Dungeon)
 g - a +2 dagger of venom (weapon)
   (You took it off an orc wizard on level 5 of the Dungeon)
 j - a +0 short sword
 F - a +2 dagger of venom
   (You took it off a goblin on level 2 of the Dungeon)
 H - a +2 trident of holy wrath
   (You took it off an orc on level 4 of the Dungeon)
 L - a +3 dagger
   (You took it off an orc priest on level 8 of the Dungeon)
 R - a +0 blowgun
   (You took it off a kobold on level 10 of the Dungeon)
 T - a cursed -2 short sword
   (You took it off a kobold on level 9 of the Dungeon)
 U - a +0 hand crossbow
   (You took it off a kobold on level 11 of the Dungeon)
Missiles
 d - 73 bolts
 h - 348 stones (quivered)
 l - 16 curare-tipped needles
 m - a tomahawk of dispersal {=f}
 w - 27 poisoned needles
 E - 2 throwing nets {=f, !d}
Armour
 v - a +2 cloak (worn)
   (You found it on level 3 of the Dungeon)
 y - a +3 leather armour of cold resistance (worn)
   (You took it off Eustachio on level 5 of the Dungeon)
 G - a +0 pair of gloves (worn)
   (You found it on level 6 of the Dungeon)
 Q - a +0 buckler (worn)
   (You found it on level 9 of the Dungeon)
Rods
 X - a -1 rod of clouds (12/12) {!a}
   (You found it on level 1 of the Lair of Beasts)
Jewellery
 p - an uncursed ring of ice {rC+, rF-}
   (You found it on level 2 of the Dungeon)
 V - an uncursed amulet of guardian spirit {unknown}
   (You found it on level 11 of the Dungeon)
Wands
 z - a wand of enslavement (12/24)
   (You found it on level 6 of the Dungeon)
 A - a wand of slowing (3/48)
   (You took it off a kobold on level 9 of the Dungeon)
 C - a wand of confusion (22/48)
   (You took it off a wight on level 7 of the Dungeon)
 D - a wand of polymorph (7/24)
   (You found it on level 6 of the Dungeon)
 M - a wand of acid (3/15)
   (You found it on level 8 of the Dungeon)
Scrolls
 k - 6 scrolls of identify
 n - 4 scrolls of remove curse
 o - 2 scrolls of teleportation
 u - a scroll of amnesia
 x - a scroll of recharging
 I - a scroll of enchant weapon {unknown}
 O - a scroll of fear {unknown}
 S - a scroll of magic mapping {!r}
Potions
 e - 2 potions of flight
 i - 2 potions of mutation {unknown}
 q - 2 potions of invisibility {unknown}
 r - 5 potions of brilliance
 B - a potion of might
 N - a potion of haste {unknown}
 P - a potion of ambrosia {unknown}
Miscellaneous
 J - a sack of spiders
Comestibles
 f - 6 meat rations {@e2}
 s - 2 beef jerkies
 t - 3 slices of pizza
 K - 2 chunks of flesh {@w0}


   Skills:
 - Level 7.1 Fighting
 - Level 10.4 Short Blades
 - Level 4.8 Crossbows
 + Level 5.9 Armour
 + Level 8.9 Dodging
 - Level 9.4 Stealth
 + Level 3.8 Shields
 - Level 8.1 Invocations


You had 10 spell levels left.
You didn't know any spells.

Dungeon Overview and Level Annotations

Branches:
Dungeon (11/15)            Temple (0/1) D:7            Lair (1/6) D:10
    Orc: D:9-12

Altars:
Dithmenos
Fedhas
Kikubaaqudgha
Sif Muna
Uskayaw
Vehumet
Yredelemnul
The Shining One

Annotations:
D:8 ! snail!, centaur warrior, Grum


Innate Abilities, Weirdness & Mutations

You are small and have problems with some larger weapons.
You are carnivorous and can eat meat at any time.


Message History

Warning x2: The steam dragon breathes balls of steam!
The komodo dragon can hit for high damage in melee!
Unknown command.
Unknown command.
You hit the steam dragon.
The steam dragon looks as sick as possible!
The plant is engulfed in a cloud of scalding steam.
The steam dragon misses you. You block the steam dragon's attack.
Warning x2: The steam dragon breathes balls of steam!
The komodo dragon can hit for high damage in melee!
Unknown command.
You barely miss the steam dragon.
Unknown command.
You hit the komodo dragon.
The komodo dragon is poisoned.
The steam dragon misses you.
The steam dragon claws you but does no damage.
The komodo dragon closely misses you.
Warning x2: The steam dragon breathes balls of steam!
The komodo dragon can hit for high damage in melee!
The steam dragon breathes steam at you. The ball of steam hits you!
You hear an angry hiss.
You take 18 damage, and have 22/67 hp.
MASSIVE DAMAGE!!
The komodo dragon is engulfed in a cloud of scalding steam.
Warning x2: The steam dragon breathes balls of steam!
The komodo dragon can hit for high damage in melee!
Unknown command.
You are engulfed in a cloud of scalding steam.
* * * LOW HITPOINT WARNING * * *
You take 6 damage, and have 16/67 hp.
Unknown command.
You see here a ring mail.
Warning x2: The steam dragon breathes balls of steam!
The komodo dragon can hit for high damage in melee!
Unknown command.
Okay, then.
You hit the steam dragon.
The steam dragon looks as sick as possible!
You kill the steam dragon!
Unknown command.
Spoiler Alert: The komodo dragon can hit for high damage in melee!
You block the komodo dragon's attack.
You see here a ring mail.
You barely miss the komodo dragon. The komodo dragon bites you!
* * * LOW HITPOINT WARNING * * *
You take 12 damage, and have 6/67 hp.
Spoiler Alert: The komodo dragon can hit for high damage in melee!
Okay, then.
Okay, then.
Okay, then.
Okay, then.
There are monsters nearby!
Unknown command.
Spoiler Alert: The komodo dragon can hit for high damage in melee!
Unknown command.
You aren't carrying or standing over any spellbooks.
Unknown command.
Unknown command.
You don't know any spells.
You don't know any spells.
Spoiler Alert: The komodo dragon can hit for high damage in melee!
Unknown command.
Okay, then.
Unknown command.
There isn't anything here!
Unknown command.
Unknown command.
Spoiler Alert: The komodo dragon can hit for high damage in melee!
Eat one of 2 chunks of flesh {@w0}? (ye/n/q)
Okay, then.
Okay, then.
Okay, then.
Okay, then.
Okay, then.
Spoiler Alert: The komodo dragon can hit for high damage in melee!
Unknown command.
There are monsters nearby!
Unknown command.
You reach into the bag... ...but nothing happens.
The komodo dragon completely misses you.
You reach into the bag... ...but nothing happens.
The komodo dragon looks more healthy.
The iguana bites you.
* * * LOW HITPOINT WARNING * * *
The komodo dragon barely misses you.
Spoiler Alert: The komodo dragon can hit for high damage in melee!
You take 5 damage, and have 2/67 hp.
Unknown command.
Okay, then.
Unknown command.
Okay, then.
Okay, then.
Spoiler Alert: The komodo dragon can hit for high damage in melee!
Aim: a komodo dragon (heavily wounded, chance to defeat MR: 34%)
Okay, then.
Unknown command.
Aim: a komodo dragon (heavily wounded, chance to defeat MR: 28%)
The komodo dragon easily resists.
This wand has 23 charges left.
The komodo dragon misses you.
Spoiler Alert: The komodo dragon can hit for high damage in melee!
Aim: a komodo dragon (heavily wounded, chance to defeat MR: 28%)
The komodo dragon easily resists.
This wand has 22 charges left.
The komodo dragon bites you!
You die...

#.#.#.#.#.....#
..............#
#.#.#.#÷#.#P..#
.........#...##
#.#.#.#.#....###
>..........###.##
#.#.#.#.#..÷....#
.[.....ll@..÷)<.#
#.#.#÷#.#...÷†..#
####.#.......÷..#
# #.+..........# #
###..........##
###P##..........P#
....P#######.##.##
##...# #..# ##


You could see a komodo dragon and an iguana.

Vanquished Creatures
  Pikel (D:4)
  A hill giant (D:10)
  A spiny frog (Lair:1)
  A komodo dragon (Lair:1)
  A troll (D:9)
  A two-headed ogre (D:9)
  A human (D:8)
  11 yaks
  A hungry ghost (D:9)
  A wyvern (D:10)
  Eustachio (D:5)
  A steam dragon (Lair:1)
  Menkaure (D:7)
  2 hippogriffs
  A water moccasin (D:9)
  3 porcupines (Lair:1)
  A sky beast (D:9)
  2 slaves (D:4)
  A black bear (D:6)
  2 phantoms
  2 ice beasts (D:10)
  5 wolves
  4 centaurs
  3 ogres
  5 big kobolds
  A crocodile (D:9)
  9 giant frogs
  Blork the orc (D:4)
  2 scorpions
  11 killer bees
  6 howler monkeys
  19 wights
  5 crimson imps
  2 giant frog skeletons
  A centaur skeleton (D:6)
  5 orc priests
  4 hounds
  6 orc wizards
  An iguana (Lair:1)
  7 worker ants
  A killer bee zombie (D:8)
  2 hound zombies
  2 hound skeletons
  A worker ant zombie (D:8)
  15 gnolls
  13 adders
  9 river rats (Lair:1)
  4 shadow imps
  3 oozes
  3 adder skeletons
  2 adder zombies
  5 worms
  2 dart slugs (D:1)
  5 giant geckos
  30 orcs
  7 giant cockroaches
  6 goblins
  6 hobgoblins
  12 jackals
  5 quokkas
  5 bats
  A giant gecko skeleton (D:7)
  A giant gecko zombie (D:5)
  A giant newt (D:2)
  31 kobolds
  17 rats
323 creatures vanquished.

Vanquished Creatures (others)
  A hound (D:8)
  2 plants (Lair:1)
3 creatures vanquished.

Grand Total: 326 creatures vanquished

Notes
Turn   | Place    | Note
-------+----------+-------------------------------------------
     0 | D:1      | packetloss the Kobold Hunter began the quest for the Orb.
     0 | D:1      | Reached XP level 1. HP: 12/12 MP: 1/1
    15 | D:1      | Reached skill level 1 in Short Blades
   103 | D:1      | Reached skill level 2 in Short Blades
   103 | D:1      | Reached XP level 2. HP: 17/17 MP: 2/2
   318 | D:1      | Reached skill level 3 in Short Blades
   364 | D:1      | Reached XP level 3. HP: 21/21 MP: 3/3
   898 | D:1      | Reached skill level 4 in Short Blades
   945 | D:1      | HP: 5/21 [poisoned by a goblin]
   953 | D:1      | HP: 4/21 [poisoned by a goblin]
  1255 | D:2      | Reached XP level 4. HP: 17/26 MP: 4/4
  1653 | D:2      | Reached skill level 2 in Stealth
  1975 | D:2      | Reached skill level 3 in Stealth
  2028 | D:2      | Reached XP level 5. HP: 20/30 MP: 5/5
  2898 | D:3      | Reached skill level 4 in Stealth
  3089 | D:4      | Noticed Blork the orc
  3092 | D:4      | Killed Blork the orc
  3092 | D:4      | Reached skill level 5 in Short Blades
  3092 | D:4      | Reached XP level 6. HP: 35/35 MP: 6/6
  3104 | D:5      | Entered Level 5 of the Dungeon
  3150 | D:4      | Found a deep blue altar of Sif Muna.
  3181 | D:4      | Reached skill level 6 in Short Blades
  3395 | D:4      | Noticed a slave
  3396 | D:4      | Noticed a slave
  3411 | D:4      | Noticed a slave
  3411 | D:4      | Noticed a slave
  3413 | D:4      | Noticed an ogre
  3490 | D:4      | Killed a slave
  3502 | D:4      | Killed a slave
  3529 | D:4      | Noticed Pikel
  3608 | D:3      | Noticed a dagger
  3609 | D:3      | Found a hide-covered altar of Uskayaw.
  3610 | D:3      | Noticed a dagger
  3644 | D:3      | Became a worshipper of Uskayaw the Reveler
  3981 | D:4      | Reached * piety under Uskayaw
  4014 | D:3      | Reached skill level 3 in Fighting
  4067 | D:4      | Reached ** piety under Uskayaw
  4503 | D:4      | Reached skill level 4 in Fighting
  4503 | D:4      | Reached skill level 1 in Invocations
  4503 | D:4      | Reached XP level 7. HP: 41/43 MP: 7/7
  4513 | D:4      | Reached *** piety under Uskayaw
  4514 | D:4      | Reached skill level 2 in Invocations
  4521 | D:4      | HP: 11/44 [killer bee (1)]
  4524 | D:4      | Reached **** piety under Uskayaw
  4525 | D:4      | Reached skill level 5 in Fighting
  4525 | D:4      | Reached skill level 3 in Invocations
  4789 | D:4      | Killed Pikel
  4789 | D:4      | Reached skill level 6 in Fighting
  4789 | D:4      | Reached skill level 5 in Invocations
  4789 | D:4      | Reached XP level 8. HP: 39/52 MP: 6/11
  5185 | D:5      | Found a blossoming altar of Fedhas.
  5211 | D:5      | Reached skill level 7 in Fighting
  5354 | D:5      | Noticed Eustachio
  5694 | D:5      | Reached skill level 6 in Invocations
  5925 | D:5      | Reached XP level 9. HP: 51/57 MP: 13/13
  6015 | D:5      | Killed Eustachio
  6015 | D:5      | Reached skill level 7 in Invocations
  6224 | D:6      | Reached skill level 8 in Invocations
  6320 | D:6      | Reached skill level 7 in Short Blades
  7066 | D:6      | Found a basalt altar of Yredelemnul.
  7146 | D:7      | Noticed Menkaure
  7164 | D:7      | Found a glowing golden altar of the Shining One.
  7244 | D:7      | Reached skill level 8 in Short Blades
  7512 | D:7      | Found a staircase to the Ecumenical Temple.
  8048 | D:7      | Reached skill level 9 in Short Blades
  8090 | D:7      | Found a blossoming altar of Fedhas.
  8513 | D:7      | Found a shadowy altar of Dithmenos.
  8945 | D:6      | Reached skill level 10 in Short Blades
  9303 | D:7      | Killed Menkaure
  9303 | D:7      | Reached XP level 10. HP: 18/63 MP: 12/16
  9707 | D:8      | Reached skill level 5 in Stealth
  9759 | D:8      | Reached skill level 6 in Stealth
 10032 | D:8      | Reached skill level 7 in Stealth
 10217 | D:8      | Noticed Grum
 10568 | D:8      | Reached skill level 8 in Stealth
 10589 | D:8      | Found a radiant altar of Vehumet.
 10589 | D:8      | Found a shadowy altar of Dithmenos.
 10634 | D:8      | Reached skill level 9 in Stealth
 10841 | D:8      | Found an ancient bone altar of Kikubaaqudgha.
 10882 | D:8      | Noticed a torpor snail
 10882 | D:8      | a boulder beetle changed into a torpor snail
 10934 | D:8      | HP: 3/63 [torpor snail (16)]
 11230 | D:7      | Reached skill level 1 in Armour
 11237 | D:7      | Reached skill level 3 in Dodging
 11399 | D:9      | Reached skill level 2 in Armour
 11441 | D:10     | Entered Level 10 of the Dungeon
 11474 | D:9      | Reached skill level 4 in Dodging
 12167 | D:9      | Reached skill level 5 in Dodging
 12240 | D:9      | HP: 10/63 [troll (11)]
 12241 | D:9      | Reached skill level 3 in Armour
 12624 | D:8      | Noticed a centaur warrior
 12638 | D:8      | Reached XP level 11. HP: 57/67 MP: 11/17
 12739 | D:9      | Reached skill level 6 in Dodging
 12768 | D:9      | Reached skill level 4 in Armour
 12775 | D:9      | Reached ***** piety under Uskayaw
 13371 | D:9      | HP: 16/67 [poisoned by a killer bee]
 13377 | D:9      | HP: 15/67 [poisoned by a killer bee]
 13385 | D:9      | HP: 14/67 [poisoned by a killer bee]
 13393 | D:9      | HP: 14/67 [poisoned by a killer bee]
 13768 | D:10     | Reached skill level 1 in Shields
 13818 | D:10     | Reached skill level 7 in Dodging
 13939 | D:10     | Reached skill level 2 in Shields
 14284 | D:10     | Reached skill level 5 in Armour
 14541 | D:10     | Found a staircase to the Lair.
 14551 | D:10     | Noticed a hill giant
 14565 | D:10     | Killed a hill giant
 14654 | D:10     | HP: 14/67 [yak (8)]
 14665 | D:10     | Reached skill level 8 in Dodging
 14729 | D:9      | Reached skill level 3 in Shields
 15262 | D:11     | Noticed a cyclops
 15389 | D:11     | Noticed a hill giant
 15472 | Lair:1   | Entered Level 1 of the Lair of Beasts
 15530 | Lair:1   | Identified a -1 rod of clouds (12/12) (You found it on level 1 of the Lair of Beasts)
 15899 | Lair:1   | HP: 16/67 [steam dragon] (6)]
 15910 | Lair:1   | HP: 6/67 [komodo dragon (12)]
 15913 | Lair:1   | HP: 2/67 [iguana (5)]
 15916 | Lair:1   | Mangled by a komodo dragon

Vault maps used:
D:1:      mrwooster_arrival_statue_2, minmay_rat_gold_closets
D:3:      dancing_weapons_uskayaw
D:4:      st_stairs_2, led_sif_pool, uniq_pikel, uniq_blork_the_orc
D:5:      first_bread, solitary_fountain, fedhas_altar_1, uniq_eustachio
D:6:      lemuel_coloured_pillars_altar, serial_park, serial_park_tiny_1,
          serial_park_square1, serial_park_tiny_2
D:7:      lemuel_crystal_altar, kennysheep_little_box,
          grunt_dithmenos_smoke_and_mirrors, uniq_menkaure
D:8:      basic_altar, grunt_livestock, jmf_multi_god_temple, uniq_grum
D:10:     lair_0_dummy
D:11:     minmay_orc_entry_temple_small, lightli_fourway_metalbox
Lair:1:   basic_altar, serial_bayou_pond_c, st_stairs_9, lemuel_fruit_tree,
          infiniplex_staircase_pool, uniq_sonja

Skill      XL: |  1  2  3  4  5  6  7  8  9 10 11 |
---------------+----------------------------------+-----
Short Blades   | 2 3 4 5 6 10 | 10.4
Stealth        | 3 4 9 |  9.4
Fighting       | 4 6 7 |  7.1
Invocations    | 1 5 6 8 |  8.1
Armour         | 3 5 |  5.9
Dodging        | 5 8 |  8.9
Shields        | 3 |  3.8
Crossbows      | |  4.8

Action                   |  1- 3 |  4- 6 |  7- 9 | 10-12 || total
-------------------------+-------+-------+-------+-------++-------
Melee: Short sword       |    78 |       |       |       ||    78
       Dagger            |     7 |   202 |   390 |   740 ||  1339
       Trident           |       |       |    14 |     3 ||    17
 Fire: Hand crossbow     |     2 |       |     6 |     9 ||    17
Throw: Stone             |       |     5 |     1 |     1 ||     7
Invok: Stomp             |       |     2 |    21 |    72 ||    95
       Line Pass         |       |       |     6 |     6 ||    12
Evoke: Wand              |       |       |       |     6 ||     6
       Sack of spiders   |       |       |       |     2 ||     2
  Use: Potion            |     3 |       |     1 |     4 ||     8
       Scroll            |       |     9 |     6 |     4 ||    19
 Stab: Sleeping          |     7 |     3 |     4 |    17 ||    31
       Distracted        |     1 |       |       |     4 ||     5
       Confused          |       |       |     3 |     8 ||    11
       Paralysed         |       |       |     1 |     6 ||     7
  Eat: Chunk             |     6 |    14 |    13 |    39 ||    72
Armor: Leather armour    |    19 |    39 |    83 |    87 ||   228
Dodge: Dodged            |    58 |    90 |   229 |   335 ||   712
Block: Buckler           |       |       |       |    16 ||    16

Vault maps used:
D:1:      mrwooster_arrival_statue_2, minmay_rat_gold_closets
D:3:      dancing_weapons_uskayaw
D:4:      st_stairs_2, led_sif_pool, uniq_pikel, uniq_blork_the_orc
D:5:      first_bread, solitary_fountain, fedhas_altar_1, uniq_eustachio
D:6:      lemuel_coloured_pillars_altar, serial_park, serial_park_tiny_1,
          serial_park_square1, serial_park_tiny_2
D:7:      lemuel_crystal_altar, kennysheep_little_box,
          grunt_dithmenos_smoke_and_mirrors, uniq_menkaure
D:8:      basic_altar, grunt_livestock, jmf_multi_god_temple, uniq_grum
D:10:     lair_0_dummy
D:11:     minmay_orc_entry_temple_small, lightli_fourway_metalbox
Lair:1:   basic_altar, serial_bayou_pond_c, st_stairs_9, lemuel_fruit_tree,
          infiniplex_staircase_pool, uniq_sonja

Table legend:
 A = Turns spent in this place as a percentage of turns spent in the entire game.
 B = Non-inter-level travel turns spent in this place as a percentage of non-inter-level travel turns spent in the entire game.
 C = Inter-level travel turns spent in this place as a percentage of turns spent in this place.
 D = Turns resting spent in this place as a percentage of non-inter-level travel turns spent in this place.
 E = Turns spent auto-exploring this place as a percentage of non-inter-level travel turns spent in this place.
 F = Non-inter-level travel turns spent in this place divided by the number of levels of this place that you've seen.
                   A       B       C       D       E      F
               +-------+-------+-------+-------+-------+----------------------
         Total | 100.0 | 100.0 |   0.5 |   2.2 |   1.5 | 588.2
       Dungeon |  95.3 |  95.2 |   0.5 |   2.1 |   1.6 | 611.1
          Lair |   4.7 |   4.8 |   0.0 |   2.4 |   0.0 | 336.0
               +-------+-------+-------+-------+-------+----------------------

Table legend:
 A = Kills in this place as a percentage of kills in entire the game.
 B = Kills by you in this place as a percentage of kills by you in the entire game.
 C = Kills by friends in this place as a percentage of kills by friends in the entire game.
 D = Other kills in this place as a percentage of other kills in the entire game.
 E = Experience gained in this place as a percentage of experience gained in the entire game.
 F = Experience gained in this place divided by the number of levels of this place that you have seen.
                   A       B       C       D       E      F
               +-------+-------+-------+-------+-------+----------------------
         Total | 100.0 | 100.0 |  -nan | 100.0 | 100.0 | 1263.5
       Dungeon |  93.8 |  93.8 |  -nan | 100.0 |  86.3 | 1189.5
          Lair |   6.2 |   6.2 |  -nan |   0.0 |  13.7 | 2078.0
               +-------+-------+-------+-------+-------+----------------------
